 Dungeon Crawl Stone Soup version 0.31-a0-43-g46d131a48f (webtiles) character file.

Game seed: 8333097432251119401

126 dracfodder the Digger (level 5, -2/28 HPs)
             Began as a Gargoyle Earth Elementalist on May 20, 2023.
             Slain by a gnoll
             ... wielding a +0 halberd
              (3 damage)
             ... on level 2 of the Dungeon.
             The game lasted 00:11:21 (1755 turns).

dracfodder the Digger (Gargoyle Earth Elementalist) Turns: 1755, Time: 00:11:21

Health: -2/28      AC:  9    Str: 12    XL:     5   Next: 9%
Magic:  2/9        EV: 11    Int: 17    God:
Gold:   79         SH:  0    Dex: 10    Spells: 4/10 levels left

rFire   . . .        i - +2 flail (drain)
rCold   . . .        (no shield)
rNeg    + . .        a - +0 leather armour
rPois   ∞            (no helmet)
rElec   +            (no cloak)
rCorr   .            e - +0 pair of gloves
SInv    .            h - +0 pair of boots
Will    .....        (no amulet)
Stlth   ++           (no ring)
HPRegen 0.24/turn    (no ring)
MPRegen 0.11/turn

%: no passive effects
@: very slightly contaminated
A: sickness immunity, AC +4, negative energy resistance 1, electricity
resistance, torment resistance 1, petrification resistance
a: no special abilities


You were on level 2 of the Dungeon.
You visited 1 branch of the dungeon, and saw 2 of its levels.

You collected 79 gold pieces.

Inventory:

Hand Weapons
 c - a +1 spear
 i - a +2 flail of draining (weapon)
Armour
 a - a +0 leather armour (worn)
 e - a +0 pair of gloves (worn)
 h - a +0 pair of boots (worn)
Scrolls
 f - 2 scrolls of identify
 g - a scroll of teleportation
 j - a scroll of butterflies {unknown}
Potions
 b - a potion of magic
 d - a potion of brilliance


   Skills:
 + Level 0.8 Fighting
 + Level 0.9 Maces & Flails
 + Level 0.1 Polearms
 + Level 1.6 Armour
 + Level 1.8 Dodging
 + Level 2.2 Stealth
 + Level 3.2 Spellcasting
 + Level 0.7 Transmutations
 + Level 4.7 Earth Magic


You had 4 spell levels left.
You knew the following spells:

 Your Spells              Type           Power      Damage    Failure   Level
a - Sandblast             Erth           36%        2d10      3%          1
b - Passwall              Tmut/Erth      10%        N/A       11%         2
c - Stone Arrow           Conj/Erth      20%        3d8       24%         3

Your spell library contained the following spells:

 Spells                   Type           Power      Damage    Failure   Level
 Summon Small Mammal      Summ           8%         N/A       22%         1
 Call Canine Familiar     Summ           2%         N/A       54%         3
 Summon Guardian Golem    Hex/Summ       2%         N/A       54%         3
 Petrify                  Tmut/Erth      12%        N/A       56%         4
 Malign Gateway           Summ/Tloc      1%         N/A       100%        7
 Summon Horrible Things   Summ           1%         N/A       100%        8


Dungeon Overview and Level Annotations

Branches:
Dungeon (2/15)

Altars:

Shops:
D:1 ([


Innate Abilities, Weirdness & Mutations

You are immune to sickness and miasma.
Your stone body is resilient. (AC +4)
You are immune to poison.
You resist negative energy. (rN+)
You are resistant to electric shocks. (rElec)
You are resistant to unholy torment.
You are immune to petrification.


Message History

* * * LOW HITPOINT WARNING * * *
You have reached level 5!
Aiming: Sandblast (safe; 3% risk of failure)
Press: ? - help, Q - select action, (/) - cycle Shift-Dir - straight line, f - gnoll
Aim: a gnoll, wielding a +0 spear (84% to hit)
The blast of sand hits the gnoll!
The gnoll is heavily wounded.
The gnoll closely misses you.
Aiming: Sandblast (safe; 3% risk of failure)
Press: ? - help, Q - select action, (/) - cycle Shift-Dir - straight line, f/p - gnoll
Aim: a gnoll, wielding a +0 spear (heavily wounded, 84% to hit)
The blast of sand hits the gnoll!
You kill the gnoll!
The gnoll hits you from afar with a +0 halberd.
* * * LOW HITPOINT WARNING * * *
Aiming: Sandblast (safe; 3% risk of failure)
Press: ? - help, Q - select action, (/) - cycle Shift-Dir - straight line, f - gnoll
Aim: a gnoll, wielding a +0 halberd (84% to hit)
You miscast Sandblast.
You are very lightly contaminated with residual magic.
Nothing appears to happen.
The gnoll hits you from afar with a +0 halberd.
* * * LOW HITPOINT WARNING * * *
Aiming: Sandblast (safe; 3% risk of failure)
Press: ? - help, Q - select action, (/) - cycle Shift-Dir - straight line, f/p - gnoll
Aim: a gnoll, wielding a +0 halberd (84% to hit)
The blast of sand hits the gnoll!
The gnoll is heavily wounded.
The gnoll hits you from afar with a +0 halberd.
* * * LOW HITPOINT WARNING * * *
A gnoll comes into view. It is wielding a +0 spear.
Aiming: Sandblast (safe; 3% risk of failure)
Press: ? - help, Q - select action, (/) - cycle Shift-Dir - straight line, f/p - gnoll
Aim: a gnoll, wielding a +0 halberd (heavily wounded, 84% to hit)
The blast of sand hits the gnoll.
The gnoll is almost dead.
The gnoll shouts!
The gnoll misses you.
The gnoll hits you from afar with a +0 halberd.
You die...

#.....#...............
#.....#...............
#.....#...............
#.....###.....#.......
#.....# #.....#.......
#.....# #.....#.......
##.##.# #.....######.#
#.##.# #.....# #.#
#.##@# ####### #.#
#.##)# #.# #.##g# #.
#.##.# #.##g#
#.#.....g.g.
#.########## #.# #.#


You could see 2 gnolls.

Vanquished Creatures
  Jessica (D:2)
  Robin (D:2)
  2 gnolls (D:2)
  An adder (D:2)
  2 worms (D:2)
  2 dart slugs
  An endoplasm (D:1)
  3 giant cockroaches
  12 goblins
  4 hobgoblins
  2 jackals (D:1)
  3 kobolds (D:1)
  4 ball pythons (D:1)
  7 bats
  3 frilled lizards
  5 rats
53 creatures vanquished.

Notes
Turn   | Place    | Note
-------+----------+-------------------------------------------
     0 | D:1      | dracfodder the Gargoyle Earth Elementalist began the quest
                  | for the Orb.
     0 | D:1      | Reached XP level 1. HP: 10/10 MP: 3/3
   167 | D:1      | Reached XP level 2. HP: 15/15 MP: 3/5
   221 | D:1      | Found Ciokh's Antique Armour Boutique.
   239 | D:1      | Reached skill level 4 in Earth Magic
   242 | D:1      | Learned a level 2 spell: Passwall
   350 | D:1      | Found Opligios's Weapon Emporium.
   793 | D:1      | Reached XP level 3. HP: 19/19 MP: 3/6
   800 | D:1      | Learned a level 3 spell: Stone Arrow
   835 | D:1      | Found a faded altar of an unknown god.
  1041 | D:2      | Noticed Jessica
  1047 | D:2      | Killed Jessica
  1048 | D:2      | Reached skill level 1 in Armour
  1048 | D:2      | Reached XP level 4. HP: 24/24 MP: 4/8
  1306 | D:2      | Noticed Robin
  1365 | D:2      | Killed Robin
  1751 | D:2      | Reached XP level 5. HP: 7/28 MP: 6/9
  1753 | D:2      | HP: 1/28 [gnoll/+0 halberd (5)]
  1755 | D:2      | Slain by a gnoll

Illustrated notes

Levels and vault maps discovered:
D:1:      dpeg_arrival_three_bigger_balls, layout_basic,
          hellmonk_ecumenical_altar_arch_garden, serial_shops,
          nicolae_shop_waterfront, nicolae_shop_hallway_plus
D:2:      layout_basic, ebering_dispersal_statue_hall, uniq_jessica, uniq_robin

Skill      XL: |  1  2  3  4 |
---------------+-------------+-----
Earth Magic    | 4 |  4.7
Armour         | 1 |  1.6
Spellcasting   | 3 |  3.2
Fighting       | |  0.8
Maces & Flails | |  0.9
Polearms       | |  0.1
Dodging        | |  1.8
Stealth        | |  2.2
Transmutations | |  0.7

Action                     |  1- 3 |  4- 6 || total
---------------------------+-------+-------++-------
  Melee: Spear             |    12 |       ||    12
         Punch             |     1 |       ||     1
         Flail             |       |    22 ||    22
   Cast: Sandblast         |    35 |    29 ||    64
         Passwall          |     2 |       ||     2
         Stone Arrow       |       |     2 ||     2
    Use: Scroll            |     4 |       ||     4
 Armour: Leather armour    |     9 |    17 ||    26
  Dodge: Dodged            |    12 |    21 ||    33

Table legend: (Time is in decaauts)
 A = Elapsed time spent in this place.
 B = Non-inter-level travel time spent in this place.
 C = Inter-level travel time spent in this place.
 D = Time resting spent in this place.
 E = Time spent auto-exploring this place.
 F = Levels seen in this place.
 G = Mean time per level.
                   A        B        C        D        E       F      G
               +--------+--------+--------+--------+--------+-----+--------+
         Total |   1795 |   1740 |     55 |    112 |   1233 |   2 |  897.5 |
       Dungeon |   1795 |   1740 |     55 |    112 |   1233 |   2 |  897.5 |
               +--------+--------+--------+--------+--------+-----+--------+

Top non-repeatable levels by time:
     D:1: 948 daAuts
     D:2: 846 daAuts
